[Event "Titled Tuesday Blitz April 18 Early 2023"]
[White "Garakov, Mikhael"]
[Black "Flis, Pawel"]
[WhiteFideId "4169034"]
[BlackFideId "1112864"]
[WhiteElo "2347"]
[BlackElo "1822"]
[Result "1-0"]
[Round "02"]
[TimeControl "180+2"]
[Date "2023.04.18"]
[WhiteClock "0:00:35"]
[BlackClock "0:00:03"]

1. e4 c5 2. Nf3 d6 3. d4 Nf6 4. Nc3 cxd4 5. Nxd4 a6 6. f4 e5 7. Nf3 Nbd7 8. a4 Be7 9. Bc4 O-O 10. O-O b6 11. Nd5 Bb7 12. fxe5 dxe5 13. Qe2 Bc5+ 14. Kh1 Nxd5 15. exd5 Bd6 16. Ng5 h6 17. Ne4 Nc5 18. Nf6+ gxf6 19. Bxh6 Bc8 20. Ra3 e4 21. Qh5 Bd7 22. Rh3 Bxh3 23. gxh3 Bxh2 24. Kxh2 Qd6+ 25. Kh1 Qg3 26. Rg1 Qxg1+ 27. Kxg1 Rfe8 28. Qg4+ Kh7 29. Qg7# 1-0


[Site "https://www.chess.com"]

[Event "Titled Tuesday Blitz April 18 Early 2023"]
[White "Winkels, Marcel"]
[Black "Jimenez Jimenez, Leandro"]
[WhiteFideId "1003887"]
[BlackFideId "6415253"]
[WhiteElo "1900"]
[BlackElo "2263"]
[Result "0-1"]
[Round "02"]
[TimeControl "180+2"]
[Date "2023.04.18"]
[WhiteClock "0:00:02"]
[BlackClock "0:00:12"]

1. d4 d5 2. Nc3 c5 3. e4 dxe4 4. dxc5 Qxd1+ 5. Kxd1 Bg4+ 6. Be2 Bf5 7. g4 Bg6 8. Be3 Nc6 9. h4 O-O-O+ 10. Ke1 h5 11. g5 e6 12. Nh3 Bf5 13. Nf4 Nge7 14. Nxh5 e5 15. Ng3 Be6 16. Rd1 Nd4 17. Bxd4 exd4 18. Ncxe4 Nd5 19. a3 Nf4 20. b4 Rxh4 21. Rxh4 Ng2+ 22. Kf1 Nxh4 23. c3 dxc3 24. Rxd8+ Kxd8 25. Nxc3 Be7 26. Nce4 Kc7 27. f4 b6 28. cxb6+ Kxb6 29. Nc3 Bd6 30. f5 Nxf5 31. Nxf5 Bxf5 32. Nd5+ Kc6 33. Ne3 Be6 34. Bd3 Bf4 35. Nc4 Bxg5 36. Ke2 Be7 37. Ne3 a5 38. b5+ Kb6 39. a4 Bb3 40. Nc4+ Bxc4 41. Bxc4 f5 42. Kf3 Bd6 43. Bd5 Kc5 44. Bc6 Kd4 45. b6 Ke5 46. b7 g5 47. Kf2 g4 48. Kg2 Kf4 49. Kf2 Kg5 50. Kg2 f4 51. Kf2 f3 52. Bd5 Kf4 53. Kf1 g3 54. Kg1 g2 0-1


[Site "https://www.chess.com"]

[Event "Titled Tuesday Blitz April 18 Early 2023"]
[White "Wahedi, Ahmad Siar"]
[Black "Sandholm, Klas"]
[WhiteFideId "4651260"]
[BlackFideId "510203"]
[WhiteElo "2251"]
[BlackElo "2106"]
[Result "1/2-1/2"]
[Round "02"]
[TimeControl "180+2"]
[Date "2023.04.18"]
[WhiteClock "0:00:19"]
[BlackClock "0:00:06"]

1. e4 e5 2. Nf3 d5 3. Nxe5 Bd6 4. d4 dxe4 5. Nc4 Nf6 6. Nxd6+ Qxd6 7. Nc3 Nc6 8. Be3 Bg4 9. Qd2 O-O-O 10. h3 Bh5 11. g4 Bg6 12. O-O-O h5 13. g5 Nd5 14. Nxd5 Qxd5 15. Kb1 h4 16. Be2 Kb8 17. c4 Qe6 18. d5 Qe7 19. Qc3 Ne5 20. Bd4 Rhe8 21. Bxe5 Qxe5 22. Qxe5 Rxe5 23. Kc1 Rxg5 24. Kd2 c6 25. Ke3 cxd5 26. Rd4 Rc8 27. Bg4 Rxc4 28. Rxc4 dxc4 29. Rc1 Rc5 30. Rd1 f5 31. Be2 Kc7 32. Kf4 Bf7 33. a3 g6 34. Rd4 c3 35. bxc3 Rxc3 36. a4 Rxh3 37. Bb5 Be6 38. Ke5 Bc8 39. Rc4+ Kb8 40. Rd4 e3 41. fxe3 Rxe3+ 42. Kf6 Rg3 43. Rxh4 g5 44. Rh8 f4 45. Bd7 Rc3 46. Kxg5 Rc4 47. Rf8 b6 48. Bb5 Rc5+ 49. Kxf4 Kc7 50. Rf7+ Kb8 51. Rf8 Kc7 52. Ke4 a6 53. Rf7+ Kb8 54. Bd3 Bb7+ 55. Kd4 Rd5+ 56. Kc3 Rc5+ 57. Kd4 Rd5+ 58. Kc3 Rc5+ 59. Kb2 Rh5 60. Rf6 Kc7 61. Rf7+ Kb8 62. Bc2 Rh4 63. Kc3 Bd5 64. Rd7 Bc6 65. Rd6 Kc7 66. Rg6 Bxa4 67. Rg7+ Kb8 68. Bd3 a5 69. Ba6 Bc6 70. Rg6 Kc7 71. Rg7+ Kd6 72. Rg6+ Kc5 73. Rg5+ Bd5 74. Bb7 Rd4 75. Ba6 a4 76. Rg7 b5 77. Bxb5 Rh4 78. Bxa4 Rxa4 79. Rc7+ Kd6 80. Rc8 Ra3+ 81. Kd4 Ra4+ 82. Kd3 Ra3+ 83. Kd4 Ra4+ 84. Kc3 Ke5 85. Re8+ Be6 86. Kd3 Rb4 87. Kc3 Rc4+ 88. Kd3 Rb4 89. Kc3 Rb3+ 90. Kc2 Re3 91. Kd2 Re4 92. Kd3 Rd4+ 93. Kc3 Rh4 94. Rf8 Ke4 95. Re8 Ke5 96. Kd3 Rh3+ 97. Kd2 Rh4 98. Kc3 Rh3+ 99. Kb4 Rh4+ 100. Kc5 Rh3 101. Kb4 Rh4+ 102. Kc3 Rh3+ 103. Kd2 Rh2+ 104. Ke3 Rh3+ 105. Kf2 Rh2+ 106. Kg3 Rb2 107. Kf3 Rb3+ 108. Ke2 Rb2+ 109. Kd3 Rb3+ 110. Ke2 Rb2+ 111. Ke3 Rb3+ 112. Kd2 Rb2+ 113. Kc3 Rh2 114. Kd3 Rh3+ 115. Kd2 1/2-1/2


[Site "https://www.chess.com"]

[Event "Titled Tuesday Blitz April 18 Early 2023"]
[White "Nikolova, Adriana"]
[Black "Hartikainen, Jarmo"]
[WhiteFideId "2908689"]
[BlackFideId "503134"]
[WhiteElo "2213"]
[BlackElo "2098"]
[Result "0-1"]
[Round "02"]
[TimeControl "180+2"]
[Date "2023.04.18"]
[WhiteClock "0:00:20"]
[BlackClock "0:00:06"]

1. e4 c5 2. Nf3 Nc6 3. d4 cxd4 4. Nxd4 Nf6 5. Nc3 d6 6. Bg5 Bd7 7. f4 a6 8. Qd2 Qc7 9. O-O-O O-O-O 10. Bxf6 gxf6 11. Bc4 e6 12. f5 Nxd4 13. Qxd4 Be7 14. Rhf1 h5 15. Kb1 Kb8 16. Rf3 Rc8 17. Bb3 Qc5 18. Qd2 b5 19. Rd3 h4 20. a3 Rcg8 21. Rf3 Qe5 22. h3 Rg3 23. Rxg3 Qxg3 24. a4 Qe5 25. axb5 axb5 26. Qe3 Kb7 27. Ne2 Rg8 28. Nf4 Bc6 29. fxe6 fxe6 30. Bxe6 Rg3 31. Qd2 Qxe4 32. Bd5 Bxd5 33. Nxd5 Bd8 34. Qf2 Rxg2 35. Qf1 Qxc2+ 36. Ka1 Qxb2# 0-1


[Site "https://www.chess.com"]

[Event "Titled Tuesday Blitz April 18 Early 2023"]
[White "Steenbekkers, Franck"]
[Black "Fernandez Siles, Luis"]
[WhiteFideId "1004220"]
[BlackFideId "2209420"]
[WhiteElo "2095"]
[BlackElo "2195"]
[Result "0-1"]
[Round "02"]
[TimeControl "180+2"]
[Date "2023.04.18"]
[WhiteClock "0:00:52"]
[BlackClock "0:00:47"]

1. e4 c5 2. Nf3 Nc6 3. Bb5 g6 4. O-O Bg7 5. Re1 Nf6 6. c3 O-O 7. d4 d5 8. e5 Ne4 9. Bxc6 bxc6 10. Be3 Qb6 11. b3 cxd4 12. cxd4 f6 13. Nbd2 Nxd2 14. Qxd2 Bf5 15. Rad1 Be4 16. Qe2 Bxf3 17. gxf3 fxe5 18. dxe5 Qc7 19. Bc5 Rf4 20. Rd3 Raf8 21. Kg2 R8f5 22. Bd4 e6 23. Rc1 h6 24. Rc5 Kh7 25. Qc2 Qe7 26. Rxc6 Qg5+ 27. Kf1 Qh4 28. Rc7 Rxd4 29. Rxd4 Qxd4 30. Qc6 Qd1+ 31. Kg2 Qxf3+ 32. Kg1 Qxf2+ 33. Kh1 Qf1# 0-1


[Site "https://www.chess.com"]

[Event "Titled Tuesday Blitz April 18 Early 2023"]
[White "Torres Dominguez, David"]
[Black "Zacurdajev, Dmitry"]
[WhiteFideId "2220857"]
[BlackFideId "4196309"]
[WhiteElo "1999"]
[BlackElo "2189"]
[Result "0-1"]
[Round "02"]
[TimeControl "180+2"]
[Date "2023.04.18"]
[WhiteClock "0:00:01"]
[BlackClock "0:00:05"]

1. e4 c6 2. Nf3 d5 3. d3 e6 4. Be2 Nf6 5. Nbd2 Be7 6. O-O O-O 7. Re1 c5 8. e5 Nfd7 9. Nf1 Nc6 10. Bf4 b5 11. d4 Rb8 12. Bd3 cxd4 13. a3 b4 14. Ng3 bxa3 15. bxa3 Nc5 16. Bf1 Qb6 17. Nh5 Ne4 18. Bd3 Bb7 19. Qc1 Rfc8 20. Bh6 g6 21. Nf6+ Nxf6 22. exf6 Bxf6 23. Qf4 Bh8 24. Ng5 Qc7 25. Qh4 Ne5 26. Bf1 Bf6 27. f4 Nc4 28. Qh3 Ne3 29. Bd3 Nf5 30. Rac1 Qxf4 31. Nxf7 Qh4 32. Qxh4 Bxh4 33. Ng5 Bxe1 34. Rxe1 Re8 35. Nxe6 Bc8 36. Bxf5 gxf5 37. Bf4 Rxe6 38. Rxe6 Bxe6 0-1


[Site "https://www.chess.com"]

[Event "Titled Tuesday Blitz April 18 Early 2023"]
[White "Girsh, Daniel"]
[Black "Maranhao,Jose Renato Ruiz"]
[WhiteFideId "30949190"]
[BlackFideId "2135175"]
[WhiteElo "2075"]
[BlackElo "1970"]
[Result "1-0"]
[Round "02"]
[TimeControl "180+2"]
[Date "2023.04.18"]
[WhiteClock "0:02:01"]
[BlackClock "0:00:02"]

1. d4 d5 2. c4 e6 3. Nf3 Nf6 4. Nc3 Bb4 5. cxd5 Nxd5 6. Bd2 O-O 7. e4 Ne7 8. a3 Bxc3 9. Bxc3 b6 10. Bd3 Ba6 11. Bxa6 Nxa6 12. O-O c6 13. Qa4 Nc7 14. Rad1 Qc8 15. Ne5 Qa6 16. Qc2 Rfd8 17. Bb4 c5 18. dxc5 bxc5 19. Qxc5 Qe2 20. Rxd8+ Rxd8 21. Qxe7 1-0


[Site "https://www.chess.com"]

[Event "Titled Tuesday Blitz April 18 Early 2023"]
[White "Mihajlovskij"]
[Black "Harriott, Tyrell"]
[BlackFideId "2086484"]
[WhiteElo "2058"]
[BlackElo "2107"]
[Result "0-1"]
[Round "02"]
[TimeControl "180+2"]
[Date "2023.04.18"]
[WhiteClock "0:00:10"]
[BlackClock "0:00:20"]

1. e4 d6 2. d4 Nf6 3. Nc3 Nbd7 4. Nf3 e5 5. Bc4 Be7 6. a4 O-O 7. O-O c6 8. h3 Qc7 9. Qe2 h6 10. Be3 Re8 11. Rfd1 Nf8 12. d5 c5 13. a5 Rb8 14. Nb5 Qd8 15. Nc3 Ng6 16. Kh2 Nh7 17. b3 Bg5 18. Nxg5 hxg5 19. Qh5 Nf4 20. Bxf4 gxf4 21. g3 g6 22. Qh6 Qf6 23. g4 Bd7 24. f3 Qg7 25. Qxg7+ Kxg7 26. Bb5 Red8 27. a6 b6 28. Kg2 Nf6 29. Bxd7 Rxd7 30. Nb5 Rh8 31. c4 Rh4 32. Rh1 Nh7 33. Ra2 Ng5 34. Rh2 f5 35. exf5 gxf5 36. Re2 fxg4 37. hxg4 Rxh2+ 38. Kxh2 Nxf3+ 39. Kg2 Ng5 40. Re1 e4 41. Rh1 Kf6 42. Rh6+ Ke5 43. Rh5 Kf6 44. Rh6+ Kg7 45. Rh5 Kg6 46. Rh8 e3 47. Rg8+ Kf6 48. Rf8+ Ke5 49. Rf5+ Ke4 50. Rxg5 f3+ 51. Kg3 f2 52. Kg2 Rh7 53. Nxd6+ Kd3 54. Rh5 Rg7 55. g5 Rg8 56. Nf5 Rf8 57. Ng3 e2 58. Rh3 f1=Q+ 59. Nxf1+ Kc2 60. Ne3+ Kd2 61. Rh1 Kxe3 62. Re1 Kd2 63. Rxe2+ Kxe2 64. Kg3 Ke3 65. Kg4 Ke4 66. g6 Ke5 67. Kg5 Rf2 68. Kh6 Kf6 69. Kh7 Rg2 70. d6 Rxg6 71. d7 Rg7+ 72. Kh8 Rxd7 0-1


[Site "https://www.chess.com"]

[Event "Titled Tuesday Blitz April 18 Early 2023"]
[White "Pein, Jonathan"]
[Black "Osiecki, Stanislaw"]
[WhiteFideId "417092"]
[BlackFideId "1102990"]
[WhiteElo "2151"]
[BlackElo "2088"]
[Result "1-0"]
[Round "02"]
[TimeControl "180+2"]
[Date "2023.04.18"]
[WhiteClock "0:01:37"]
[BlackClock "0:01:19"]

1. d4 Nf6 2. Nf3 g6 3. Bg5 Bg7 4. Nc3 d6 5. e4 O-O 6. Qd2 Nbd7 7. O-O-O c6 8. e5 dxe5 9. dxe5 Ne8 10. Bh6 Nc7 11. h4 Ne6 12. h5 Re8 13. Bxg7 Nxg7 14. hxg6 fxg6 15. Qh6 Nf8 16. Rxd8 1-0


[Site "https://www.chess.com"]

[Event "Titled Tuesday Blitz April 18 Early 2023"]
[White "Alexikov, Alexander"]
[Black "guillan"]
[WhiteFideId "14103958"]
[WhiteElo "2186"]
[BlackElo "2031"]
[Result "1-0"]
[Round "02"]
[TimeControl "180+2"]
[Date "2023.04.18"]
[WhiteClock "0:00:45"]
[BlackClock "0:00:01"]

1. e4 c5 2. Nf3 d6 3. d4 cxd4 4. Nxd4 Nf6 5. Nc3 a6 6. Be2 e6 7. O-O Be7 8. Be3 O-O 9. f4 Nbd7 10. Kh1 Qc7 11. Qe1 b5 12. a3 Bb7 13. Bf3 Nb6 14. Rd1 Rac8 15. Qg3 Nc4 16. Bc1 d5 17. e5 Ne4 18. Bxe4 dxe4 19. f5 exf5 20. Nxf5 Qxe5 21. Qxe5 Nxe5 22. Nxe7+ Kh8 23. Nxc8 Rxc8 24. Rde1 g6 25. Nxe4 Rxc2 26. Nd2 Nd3 27. Re7 Bc6 28. Nf3 Nxc1 29. Rxf7 Nd3 30. Kg1 Rxb2 31. Rd1 Be4 32. Re7 Bf5 33. Nh4 Rb3 34. Nxf5 gxf5 35. Rf1 1-0


[Site "https://www.chess.com"]

[Event "Titled Tuesday Blitz April 18 Early 2023"]
[White "AKINSEYE, Akinleye"]
[Black "Lach, Aleksandra"]
[WhiteFideId "8504458"]
[BlackFideId "1134299"]
[WhiteElo "1906"]
[BlackElo "2111"]
[Result "0-1"]
[Round "02"]
[TimeControl "180+2"]
[Date "2023.04.18"]
[WhiteClock "0:00:01"]
[BlackClock "0:00:06"]

1. e4 c5 2. d4 cxd4 3. c3 dxc3 4. Nxc3 Nc6 5. Nf3 a6 6. Bc4 e6 7. O-O d6 8. Qe2 Nf6 9. Rd1 Qc7 10. Bg5 Be7 11. Rac1 O-O 12. Bb3 Qb8 13. Bf4 e5 14. Be3 Be6 15. Bb6 Bxb3 16. axb3 Bd8 17. Na4 Bc7 18. Nd2 Bxb6 19. Nxb6 Nd4 20. Qe3 Ra7 21. Nbc4 b5 22. Na3 Rc7 23. Nf3 Nxf3+ 24. Qxf3 Rfc8 25. Rxc7 Qxc7 26. Qe3 h6 27. f3 Qc6 28. h3 a5 29. Qd3 Qc5+ 30. Kh2 Qf2 31. Nxb5 Rc2 32. Rg1 Rd2 33. Qc3 g6 34. Na3 Nh5 35. Nc4 Rc2 36. Qd3 Qg3+ 37. Kh1 Rf2 38. Qxd6 Nf4 39. Nxe5 Rxg2 40. Qd8+ Kg7 41. Qf6+ Kxf6 42. Ng4+ Kg7 0-1


[Site "https://www.chess.com"]

[Event "Titled Tuesday Blitz April 18 Early 2023"]
[White "Perez Cruz, Adianet"]
[Black "Yanayt, Eugene"]
[WhiteFideId "3510115"]
[BlackFideId "2020165"]
[WhiteElo "1975"]
[BlackElo "2083"]
[Result "1/2-1/2"]
[Round "02"]
[TimeControl "180+2"]
[Date "2023.04.18"]
[WhiteClock "0:00:24"]
[BlackClock "0:00:13"]

1. Nf3 Nf6 2. d4 g6 3. b3 Bg7 4. Bb2 O-O 5. e3 c5 6. Nbd2 d6 7. Be2 Nc6 8. O-O Qc7 9. h3 e5 10. c4 cxd4 11. exd4 h6 12. d5 Ne7 13. Bd3 Nd7 14. Re1 f5 15. Bc2 Nf6 16. Nf1 f4 17. Qb1 Nf5 18. N1d2 Qf7 19. Ne4 Nxe4 20. Bxe4 g5 21. Nh2 h5 22. f3 Qf6 23. Qd3 Rf7 24. Rad1 Bf8 25. b4 b6 26. a4 a5 27. c5 axb4 28. cxb6 Rxa4 29. Qb5 Bd7 30. Qc4 Rg7 31. Ra1 Rxa1 32. Rxa1 Ne3 33. Qe2 Bc8 34. Ra7 Bb7 35. Bc1 g4 36. hxg4 hxg4 37. Bxe3 fxe3 38. Qxe3 g3 39. Ng4 Qh4 40. Kf1 Rf7 41. Ke2 Qh1 42. Qg5+ Rg7 43. Qh6 Qxg2+ 44. Kd3 Qf1+ 45. Kc2 Qe2+ 46. Kb3 Rxg4 47. fxg4 Qe3+ 48. Qxe3 g2 49. Qd3 g1=Q 50. Kc4 Qxb6 51. Rxb7 Qxb7 52. Bg6 Qc7+ 53. Kb3 Qc5 54. Qc4 Qe3+ 55. Kxb4 Qf4 56. Qxf4 exf4 57. Kc3 Kg7 58. Bd3 Kf6 59. Kd2 Ke5 60. Ke2 Kxd5 61. Kf3 Ke5 62. Be4 d5 63. Bxd5 Kxd5 64. Kxf4 Ke6 65. g5 Kf7 66. Kg4 Kg6 67. Kh4 Be7 68. Kg3 Bxg5 1/2-1/2


[Site "https://www.chess.com"]

[Event "Titled Tuesday Blitz April 18 Early 2023"]
[White "Sanchez, Robert"]
[Black "Mrudul Dehankar"]
[WhiteFideId "2034360"]
[BlackFideId "25096990"]
[WhiteElo "1959"]
[BlackElo "2139"]
[Result "0-1"]
[Round "02"]
[TimeControl "180+2"]
[Date "2023.04.18"]
[WhiteClock "0:01:12"]
[BlackClock "0:00:01"]

1. e4 c6 2. d4 d5 3. exd5 cxd5 4. Bd3 Nc6 5. c3 Nf6 6. h3 g6 7. Nf3 Bg7 8. O-O O-O 9. Re1 Bf5 10. Bxf5 gxf5 11. Na3 e6 12. Bg5 Qc7 13. Qc1 Ne4 14. Bf4 Qe7 15. Nc2 Rac8 16. Nd2 Kh8 17. f3 Nf6 18. Nb3 Nh5 19. Bd2 Rg8 20. Kh1 Qf6 21. Nc5 b6 22. Nd3 Qg6 23. Rg1 Bf6 24. Be1 Bg5 25. Qd1 Qf6 26. Qe2 Bh4 27. g4 Bxe1 28. Raxe1 Qh4 29. Qg2 Nf6 30. Ne5 Nxe5 31. dxe5 Nd7 32. Nd4 Rg7 33. Nb5 Rcg8 34. Nd6 Qe7 35. Qh2 Rg5 0-1


[Site "https://www.chess.com"]

[Event "Titled Tuesday Blitz April 18 Early 2023"]
[White "Mohammed, Zozek Salah Mohammed"]
[Black "Vargas, Mauricio"]
[WhiteFideId "4803361"]
[BlackFideId "4404572"]
[WhiteElo "2211"]
[BlackElo "1998"]
[Result "1-0"]
[Round "02"]
[TimeControl "180+2"]
[Date "2023.04.18"]
[WhiteClock "0:00:10"]
[BlackClock "0:00:06"]

1. d4 d5 2. Nf3 c6 3. g3 e6 4. Bg2 f5 5. O-O Bd6 6. c4 Nf6 7. Nc3 O-O 8. Bg5 Nbd7 9. b3 Qe8 10. Re1 Qh5 11. e3 Ne4 12. Nxe4 fxe4 13. Bf4 Bxf4 14. exf4 exf3 15. Bxf3 Qf7 16. Qe2 Re8 17. cxd5 cxd5 18. Bxd5 Nf6 19. Bc4 a6 20. f5 b5 21. fxe6 Qe7 22. Bd3 Ra7 23. Bf5 g6 24. Bh3 Rc7 25. Rad1 Nd5 26. Qe5 Nc3 27. Rc1 b4 28. d5 Rc5 29. Bg2 Nxa2 30. Rxc5 Qxc5 31. Qf6 Rf8 32. Qb2 Nc3 33. Qd2 Bb7 34. d6 Bxg2 35. Kxg2 Qd5+ 36. Qxd5 Nxd5 37. Rd1 Nb6 38. d7 Nxd7 39. Rxd7 Rd8 40. Rxd8+ Kg7 41. e7 Kf6 42. e8=Q Kg5 43. Qe5+ Kh6 44. Rd7 a5 45. h4 a4 46. Qg5# 1-0


[Site "https://www.chess.com"]

[Event "Titled Tuesday Blitz April 18 Early 2023"]
[White "Rottenwohrer Suarez, Juan"]
[Black "Semenova, Alina"]
[WhiteFideId "32068182"]
[BlackFideId "24113875"]
[WhiteElo "2174"]
[BlackElo "1833"]
[Result "1-0"]
[Round "02"]
[TimeControl "180+2"]
[Date "2023.04.18"]
[WhiteClock "0:00:06"]
[BlackClock "0:00:07"]

1. d4 Nf6 2. c4 d6 3. Nc3 g6 4. e4 Bg7 5. Be2 O-O 6. Be3 e5 7. d5 Nbd7 8. g4 a5 9. h4 Nc5 10. Bf3 a4 11. g5 Nh5 12. Bxh5 gxh5 13. Bxc5 dxc5 14. Qxh5 a3 15. b3 c6 16. Nge2 f5 17. g6 hxg6 18. Qxg6 fxe4 19. Ng3 Rf6 20. Qg5 Bd7 21. Ngxe4 Rf4 22. Qg2 Bf5 23. h5 Bxe4 24. Nxe4 Qa5+ 25. Ke2 Kh8 26. h6 Bf6 27. f3 Rg8 28. Qh3 Qc7 29. Rag1 Qh7 30. Rxg8+ Qxg8 31. Rh2 Qh7 32. Rg2 Rxe4+ 33. fxe4 Qxe4+ 34. Kf2 Qd4+ 35. Kf1 Qa1+ 36. Kf2 Qxa2+ 37. Kg1 Qxb3 38. Kh2 Qxh3+ 39. Kxh3 e4 40. Ra2 Bb2 41. Kg4 cxd5 42. cxd5 e3 43. Kf3 Kh7 44. d6 Bf6 45. Rxa3 Kxh6 46. Rxe3 Kg7 47. d7 Kf7 48. Re8 c4 49. Ke4 c3 50. Kd3 b5 51. d8=Q Bxd8 52. Rxd8 b4 53. Rb8 Ke6 54. Rxb4 1-0


[Site "https://www.chess.com"]

[Event "Titled Tuesday Blitz April 18 Early 2023"]
[White "Butolo, Alexandru-Mircea"]
[Black "Liu, Casper"]
[WhiteFideId "1261649"]
[BlackFideId "1454153"]
[WhiteElo "1861"]
[BlackElo "2221"]
[Result "0-1"]
[Round "02"]
[TimeControl "180+2"]
[Date "2023.04.18"]
[WhiteClock "0:00:09"]
[BlackClock "0:01:53"]

1. Nf3 d6 2. g3 Nc6 3. Bg2 Bd7 4. O-O Qc8 5. d4 Bh3 6. c4 h5 7. d5 Ne5 8. Bg5 f6 9. Nxe5 dxe5 10. Be3 h4 11. Qa4+ Kf7 12. c5 hxg3 13. fxg3 Bxg2 14. Kxg2 Qh3+ 15. Kf2 Qxh2+ 16. Ke1 Qxg3+ 17. Bf2 Qg5 18. Nc3 Nh6 19. Ne4 Qg6 20. d6 cxd6 21. cxd6 exd6 22. Qc4+ Ke8 23. Qa4+ Ke7 24. Rd1 Rd8 25. Qc4 Nf5 26. Qc7+ Rd7 27. Qc4 Nd4 28. Bxd4 Qxe4 0-1


[Site "https://www.chess.com"]

[Event "Titled Tuesday Blitz April 18 Early 2023"]
[White "Nakamura, Hikaru"]
[Black "Mammadov, Zaur"]
[WhiteFideId "2016192"]
[BlackFideId "13401033"]
[WhiteElo "2885"]
[BlackElo "2441"]
[Result "1-0"]
[Round "03"]
[TimeControl "180+2"]
[Date "2023.04.18"]
[WhiteClock "0:00:17"]
[BlackClock "0:00:14"]

1. Nf3 d5 2. e3 Nf6 3. c4 dxc4 4. Bxc4 e6 5. b3 c5 6. Bb2 Nc6 7. O-O Be7 8. d4 cxd4 9. Nxd4 Nxd4 10. Bxd4 O-O 11. Be2 Bd7 12. Bf3 Bc6 13. Bxc6 bxc6 14. Qc2 c5 15. Bb2 Nd5 16. Rd1 Bf6 17. Na3 Bxb2 18. Qxb2 Qg5 19. Nc4 Rfd8 20. Rac1 h5 21. Nd2 Nb4 22. Nf3 Qf5 23. Qe2 Nd3 24. Rc2 Ne5 25. Rdc1 Nxf3+ 26. Qxf3 Qxf3 27. gxf3 a5 28. Rxc5 g6 29. a4 Rd3 30. Rb5 Rad8 31. Rc7 R8d5 32. Rxd5 Rxd5 33. Rb7 Rd1+ 34. Kg2 Rb1 35. f4 Kg7 36. Rb5 Kf6 37. e4 Rb2 38. h4 Rb1 39. Kf3 Rb2 40. Ke3 Ke7 41. f3 Rh2 42. Rxa5 Rxh4 43. Ra7+ Kf6 44. Kd4 Rh3 45. b4 Rxf3 46. a5 h4 47. Rc7 Rb3 48. Kc4 Rb1 49. e5+ Kg7 50. Kb5 h3 51. Rc2 g5 52. fxg5 Kg6 53. Rh2 Rb3 54. Ka4 Rb1 55. Rxh3 Kxg5 56. a6 Ra1+ 57. Ra3 1-0


[Site "https://www.chess.com"]

[Event "Titled Tuesday Blitz April 18 Early 2023"]
[White "Mekhitarian, Krikor Sevag"]
[Black "Caruana, Fabiano"]
[WhiteFideId "2107660"]
[BlackFideId "2020009"]
[WhiteElo "2604"]
[BlackElo "2837"]
[Result "0-1"]
[Round "03"]
[TimeControl "180+2"]
[Date "2023.04.18"]
[WhiteClock "0:00:12"]
[BlackClock "0:00:52"]

1. Nf3 g6 2. c4 Bg7 3. e4 d6 4. d4 Nf6 5. Nc3 O-O 6. h3 e5 7. d5 a5 8. Be3 Na6 9. g4 Nc5 10. Nd2 Nfd7 11. h4 Nb6 12. Nb3 Nba4 13. Nxc5 Nxc5 14. Be2 f5 15. exf5 gxf5 16. g5 e4 17. Qd2 a4 18. Rc1 Qe7 19. Kd1 f4 20. Bxf4 Nd3 21. Bxd3 exd3 22. Rg1 a3 23. Be3 axb2 24. Qxb2 Bd7 25. Qd2 Ra3 26. Qxd3 Qe5 27. Kd2 Bf5 28. f4 Qe7 29. Qf1 Bxc3+ 0-1


[Site "https://www.chess.com"]

[Event "Titled Tuesday Blitz April 18 Early 2023"]
[White "So, Wesley"]
[Black "Rodshtein, Maxim"]
[WhiteFideId "5202213"]
[BlackFideId "2806851"]
[WhiteElo "2749"]
[BlackElo "2555"]
[Result "1-0"]
[Round "03"]
[TimeControl "180+2"]
[Date "2023.04.18"]
[WhiteClock "0:01:30"]
[BlackClock "0:00:08"]

1. Nf3 g6 2. e4 Bg7 3. d4 d6 4. Bc4 Nf6 5. Qe2 Nc6 6. e5 dxe5 7. dxe5 Ng4 8. e6 Bxe6 9. Bxe6 fxe6 10. O-O Nge5 11. Nxe5 Bxe5 12. Rd1 Bd6 13. Nc3 Qd7 14. Ne4 O-O-O 15. Be3 e5 16. Nc5 Qe8 17. Qg4+ Kb8 18. Ne6 Rc8 19. c4 Qf7 20. c5 h6 21. Rac1 g5 22. b4 e4 23. cxd6 exd6 24. Nd4 Nxb4 25. Qxe4 Rhe8 26. Qb1 Nd5 27. Qb3 Ka8 28. Nb5 1-0


[Site "https://www.chess.com"]

[Event "Titled Tuesday Blitz April 18 Early 2023"]
[White "Le, Tuan Minh"]
[Black "Fier, Alexandr"]
[WhiteFideId "12401153"]
[BlackFideId "2107139"]
[WhiteElo "2566"]
[BlackElo "2610"]
[Result "1-0"]
[Round "03"]
[TimeControl "180+2"]
[Date "2023.04.18"]
[WhiteClock "0:01:07"]
[BlackClock "0:01:04"]

1. d4 d5 2. Nf3 c5 3. c3 Nc6 4. Bf4 Qb6 5. Qd2 Nf6 6. e3 Bf5 7. Be2 h6 8. O-O e6 9. b3 Rc8 10. Bd3 Bxd3 11. Qxd3 Be7 12. Nbd2 O-O 13. a3 cxd4 14. cxd4 a6 15. b4 Qb5 16. Qb3 Nd7 17. Rfb1 Qb6 18. h3 Qa7 19. b5 axb5 20. Qxb5 Na5 21. Qxd7 Rfe8 22. Ne5 Qa6 23. Qb5 Qa8 24. Rc1 Bf6 25. Nd7 Bd8 26. Nb8 Be7 27. Nd7 Bd8 28. a4 Rc6 29. Ne5 Rxc1+ 30. Rxc1 Be7 31. Rc7 f6 32. Ng6 Ba3 33. Qd7 1-0


[Site "https://www.chess.com"]

[Event "Titled Tuesday Blitz April 18 Early 2023"]
[White "Hambleton, Aman"]
[Black "Andreikin, Dmitry"]
[WhiteFideId "2606577"]
[BlackFideId "4158814"]
[WhiteElo "2511"]
[BlackElo "2736"]
[Result "0-1"]
[Round "03"]
[TimeControl "180+2"]
[Date "2023.04.18"]
[WhiteClock "0:00:01"]
[BlackClock "0:00:17"]

1. d4 Nf6 2. Bf4 c5 3. e3 d5 4. c3 Nbd7 5. Nd2 g6 6. h3 Bg7 7. Ngf3 O-O 8. Bd3 b6 9. O-O Bb7 10. Ne5 e6 11. Bh2 Qe7 12. a4 a6 13. Qe2 Nxe5 14. Bxe5 Ne8 15. Bxg7 Kxg7 16. f4 Nd6 17. Nf3 c4 18. Bc2 b5 19. axb5 axb5 20. Nd2 b4 21. e4 b3 22. Rxa8 Rxa8 23. Bb1 dxe4 24. Nxe4 Bxe4 25. Bxe4 Ra5 26. Bb1 h5 27. g3 Qb7 28. Kh2 Qa8 29. g4 hxg4 30. hxg4 Qb8 31. Kg2 Ne8 32. Qxc4 Nf6 33. Qe2 Ra1 34. Kg3 g5 35. Qe5 gxf4+ 36. Qxf4 Qxf4+ 37. Kxf4 Nd5+ 38. Ke4 Nb6 39. Kd3 Ra4 40. Re1 Nc4 41. Re2 Kf6 42. Rf2+ Kg5 43. Rg2 f6 44. Ke2 Nxb2 45. Bd3 Ra2 46. Kf3 Nxd3 0-1


[Site "https://www.chess.com"]

[Event "Titled Tuesday Blitz April 18 Early 2023"]
[White "Korobov, Anton"]
[Black "Szpar, Milosz"]
[WhiteFideId "14105730"]
[BlackFideId "1184989"]
[WhiteElo "2638"]
[BlackElo "2436"]
[Result "1-0"]
[Round "03"]
[TimeControl "180+2"]
[Date "2023.04.18"]
[WhiteClock "0:00:18"]
[BlackClock "0:00:01"]

1. d4 Nf6 2. c4 c5 3. d5 e6 4. Nc3 exd5 5. cxd5 d6 6. Nf3 g6 7. Nd2 Bg7 8. e4 O-O 9. Be2 Na6 10. O-O Nc7 11. a4 b6 12. Kh1 Re8 13. f3 Rb8 14. Nc4 Ba6 15. Bg5 Qd7 16. Re1 Bxc4 17. Bxc4 a6 18. Bf1 Rb7 19. Qd2 b5 20. axb5 axb5 21. b4 cxb4 22. Na2 Na6 23. Nxb4 Nc5 24. Rab1 Nfxe4 25. fxe4 Nxe4 26. Qe3 Qf5 27. Bd3 Nf2+ 28. Qxf2 Rxe1+ 29. Qxe1 Qxg5 30. Nc6 b4 31. Rxb4 Rxb4 32. Nxb4 Be5 33. Nc6 Bf4 34. Be4 h5 35. g3 Be3 36. Qe2 Bc5 37. Bf3 h4 38. Kg2 hxg3 39. hxg3 Qc1 40. Kh3 Qh6+ 41. Kg2 Qc1 42. Nd8 Qg1+ 43. Kh3 Kg7 44. Nxf7 Kxf7 45. Qe6+ Kg7 46. Qe7+ Kh6 47. Qf8+ Kh7 48. Be4 Qe3 49. Qf7+ Kh8 50. Qe8+ Kg7 51. Qxg6+ Kf8 52. Qf6+ Ke8 53. Bf5 Qe7 54. Qh6 Kd8 55. Qh8+ Kc7 56. Qc8+ Kb6 57. Qc6+ Ka5 58. Bd3 Kb4 59. Qb5+ Kc3 60. Qc4+ Kd2 61. Qc2+ Ke1 62. Qc1+ Kf2 63. Qf1+ Ke3 64. Qe2+ Kd4 65. Qxe7 Kxd3 66. Qe6 Kd4 67. g4 1-0


[Site "https://www.chess.com"]